 Dungeon Crawl Stone Soup version 0.22.1-2-g9c5b331 (webtiles) character file.

45 Harpaggios the Changer (level 3, -3/27 HPs)
             Began as a Merfolk Transmuter on Jan 2, 2019.
             Slain by a gnoll
             ... wielding a +0 flail
              (9 damage)
             ... on level 2 of the Dungeon.
             The game lasted 00:06:21 (1515 turns).

Harpaggios the Changer (Merfolk Transmuter)         Turns: 1515, Time: 00:06:22

Health: -3/27      AC:  2    Str: 10    XL:     3   Next: 64%
Magic:  0/6        EV: 13    Int: 13    God:
Gold:   54         SH:  0    Dex: 14    Spells: 3/6 levels left

rFire    . . .     SeeInvis .     - Unarmed
rCold    . . .     Gourm    .   (no shield)
rNeg     . . .     Faith    .   b - +0 robe
rPois    .         Spirit   .   (no helmet)
rElec    .         Reflect  .   (no cloak)
rCorr    .         Harm     .   (no gloves)
MR       .....                  (no boots)
Stlth    +.........             (no amulet)
HPRegen  0.09/turn              (no ring)
MPRegen  0.10/turn              (no ring)

@: appendage (expiring)
A: change form in water, swift swim, stealthy swim, horns 2
a: End Transformation


You were on level 2 of the Dungeon.
You were not hungry.
You had grown temporary horns.
You visited 1 branch of the dungeon, and saw 2 of its levels.

You collected 54 gold pieces.

Inventory:

Missiles
 a - 33 arrows
Armour
 b - a +0 robe (worn)
Scrolls
 e - a scroll of enchant weapon
 f - a scroll of remove curse {unknown}
 g - a scroll of identify
 h - a scroll of noise {unknown}
Potions
 c - a potion of lignification
 i - a potion of curing {unknown}
Comestibles
 d - 2 rations


   Skills:
 + Level 1.8 Fighting
 + Level 3.3 Dodging
 + Level 3.7 Unarmed Combat
 - Level 2.0 Spellcasting
 * Level 3.9 Transmutations


You had 3 spell levels left.
You knew the following spells:

 Your Spells              Type           Power        Failure   Level  Hunger
a - Beastly Appendage     Tmut           ##....       4%          1    ##.....
b - Sticks to Snakes      Tmut           ##......     8%          2    ###....

Your spell library contained the following spells:

 Spells                   Type           Power        Failure   Level  Hunger
 Spider Form              Tmut/Pois      #.........   34%         3    ####...
 Ice Form                 Ice/Tmut       #.......     75%         4    #####..
 Blade Hands              Tmut           ##........   80%         5    ######.


Dungeon Overview and Level Annotations

Branches:
Dungeon (2/15)

Altars:


Innate Abilities, Weirdness & Mutations

You revert to your normal form in water.
You are very nimble and swift while swimming.
You are very stealthy in the water. (Stealth+)
You have a pair of horns on your head.


Message History

A gnoll comes into view.
The gnoll hits your ball python.
Your ball python dies!
Your transformation is almost over.
You hit the gnoll.
The gnoll is heavily wounded.
The gnoll hits you!
You hit the gnoll. You headbutt the gnoll.
You kill the gnoll!
You barely miss the gnoll. The gnoll hits you with a flail!
* * * LOW HITPOINT WARNING * * *
Things that are here:
a short sword; a kobold corpse
Casting: Beastly Appendage (safe; 4% risk of failure)
Confirm with . or Enter, or press ? or * to list all spells.
You create a snake!
You now have 34 arrows.
Casting: Sticks to Snakes (safe; 8% risk of failure)
Confirm with . or Enter, or press ? or * to list all spells.
You create a snake!
You now have 33 arrows.
The gnoll hits you with a flail!
You die...

#.##
#########..#
#.......#..#
#.......#..#
#.......#..#
#..........#
#....S..##.#
#.......##.#
#...@.S.##.###
####g####....#
#g# ##.#.# #.#
###.# #g####
#.# #g...# #.#
####g# #.# .#
#.# g#
#.########


You could see 3 gnolls, a hobgoblin and 2 friendly ball pythons.

Vanquished Creatures
  A gnoll (D:2)
  A dart slug (D:1)
  A leopard gecko (D:1)
  3 ball pythons (D:1)
  2 giant cockroaches (D:1)
  5 goblins (D:1)
  3 hobgoblins (D:1)
  4 jackals (D:1)
  3 bats (D:1)
  2 frilled lizards (D:1)
  4 kobolds
29 creatures vanquished.

Notes
Turn   | Place    | Note
-------+----------+-------------------------------------------
     0 | D:1      | Harpaggios the Merfolk Transmuter began the quest for the
                  | Orb.
     0 | D:1      | Reached XP level 1. HP: 15/15 MP: 3/3
   406 | D:1      | Reached XP level 2. HP: 12/21 MP: 3/5
   899 | D:1      | Learned a level 2 spell: Sticks to Snakes
  1156 | D:1      | Reached XP level 3. HP: 26/26 MP: 4/6
  1515 | D:2      | Slain by a gnoll

Skill      XL: |  1  2 |
---------------+-------+-----
Transmutations | 3 |  3.9
Dodging        | 3 |  3.3
Fighting       | |  1.8
Unarmed Combat | |  3.7
Spellcasting   | |  2.0

Action                   || total
-------------------------++-------
Melee: Unarmed           ||    92
       Headbutt          ||     6
       Tailslap          ||     2
       Punch             ||     1
 Cast: Beastly Appendage ||    12
       Sticks to Snakes  ||     3
  Use: Scroll            ||     2
 Stab: Sleeping          ||     1
  Eat: Chunk             ||     2
Armor: Robe              ||    15
Dodge: Dodged            ||    62
